 Dungeon Crawl Stone Soup version 0.31.0-11-ge490571c62 (webtiles) character file.

Game seed: 14087205778232055193

4 Ashen the Sneak (level 1, 0/13 HPs)
             Began as a Gnoll Enchanter on Feb 7, 2024.
             Slain by a jackal (3 damage)
             ... on level 1 of the Dungeon.
             The game lasted 00:00:24 (66 turns).

Ashen the Sneak (Gnoll Enchanter)                     Turns: 66, Time: 00:00:24

Health: 0/13       AC:  2    Str:  7    XL:     1   Next: 60%
Magic:  6/6        EV: 13    Int: 14    God:
Gold:   15         SH:  0    Dex: 12    Spells: 9/9 levels left

rFire   . . .        a - +1 dagger
rCold   . . .        (no shield)
rNeg    . . .        b - +0 robe
rPois   .            (no helmet)
rElec   .            (no cloak)
rCorr   .            (no gloves)
SInv    .            (no boots)
Will    .....        (no amulet)
Stlth   +++          (no ring)
HPRegen 0.22/turn    (no ring)
MPRegen 0.10/turn

%: no passive effects
@: no status effects
A: fangs 1, strong nose, distributed training
a: no special abilities


You were on level 1 of the Dungeon.
You visited 1 branch of the dungeon, and saw 1 of its levels.

You collected 15 gold pieces.

Inventory:

Hand Weapons
 a - a +1 dagger (weapon)
Armour
 b - a +0 robe (worn)
Potions
 c - 2 potions of invisibility


   Skills:
 + Level 0.1 Fighting
 + Level 2.4 Short Blades
 + Level 0.1 Long Blades
 + Level 0.1 Axes
 + Level 0.1 Maces & Flails
 + Level 0.1 Polearms
 + Level 0.1 Staves
 + Level 0.1 Ranged Weapons
 + Level 0.1 Throwing
 + Level 0.1 Armour
 + Level 4.4 Dodging
 + Level 5.9 Stealth
 + Level 0.1 Shields
 + Level 0.1 Unarmed Combat
 + Level 4.9 Spellcasting
 + Level 0.1 Conjurations
 + Level 5.3 Hexes
 + Level 0.1 Summonings
 + Level 0.1 Necromancy
 + Level 0.1 Translocations
 + Level 0.1 Fire Magic
 + Level 0.1 Ice Magic
 + Level 0.1 Air Magic
 + Level 0.1 Earth Magic
 + Level 0.1 Alchemy
 + Level 0.2 Invocations
 + Level 0.1 Evocations
 + Level 0.1 Shapeshifting


You had 9 spell levels left.
You didn't know any spells.
Your spell library contained the following spells:

 Spells                   Type           Power      Damage    Failure   Level
 Confusing Touch          Hex            18%        N/A       6%          3
 Tukima's Dance           Hex            18%        N/A       6%          3
 Ensorcelled Hibernation  Hex/Ice        22%        N/A       9%          2
 Dazzling Flash           Conj/Hex       22%        N/A       17%         3


Dungeon Overview and Level Annotations

Branches:
Dungeon (1/15)

Altars:


Innate Abilities, Weirdness & Mutations

You have very sharp teeth.
Your uncanny sense of smell can sniff out nearby items.
Your experience applies equally to all skills.


Message History

The jackal barely misses you. The ball python misses you.
The ball python constricts you.
You hit the ball python.
The ball python is severely wounded.
The jackal bites you. The ball python closely misses you.
The ball python constricts you. The jackal closely misses you.
You escape the ball python's grasp.
The jackal attacks as it pursues you! The jackal misses you.
You are too injured to fight recklessly!
You are too injured to fight recklessly!
You are too injured to fight recklessly!
You are too injured to fight recklessly!
You are too injured to fight recklessly!
You hit the jackal but do no damage. You bite the jackal.
The jackal is moderately wounded.
The jackal bites you.
* * * LOW HITPOINT WARNING * * *
You closely miss the jackal.
The jackal is moderately wounded.
The jackal misses you. The hobgoblin closely misses you.
You don't know any spells.
Sorry, you're not good enough to have a special ability.
You barely miss the jackal.
The jackal is moderately wounded.
The jackal barely misses you. The hobgoblin closely misses you.
You closely miss the jackal. You bite the jackal, but do no damage.
The jackal is moderately wounded.
The jackal bites you.
* * * LOW HITPOINT WARNING * * *
The jackal closely misses you. The hobgoblin closely misses you.
You barely miss the jackal.
The jackal is moderately wounded.
The jackal closely misses you. The hobgoblin closely misses you.
You barely miss the jackal.
The jackal is moderately wounded.
The jackal closely misses you.
You hit the jackal but do no damage.
The jackal is moderately wounded.
The jackal bites you.
You die...

# #.#.# ..# #. #.#.#
).# ##.##.#.# ..###
(...(..# #....
####.....# ....
.........# ..##
#...g.###...#.#
#....@##......#
######..#hh........
≈≈≈≈≈≈≈≈.≈≈≈≈≈≈≈≈≈≈#
#####♣##'##♣######≈#
#~ #'# ~# #
##8##.##8##
+.........+
###8#'#8###
#♣##'##♣#


You could see 2 jackals and a hobgoblin.

Vanquished Creatures
  A jackal (D:1)
  A frilled lizard (D:1)
  A kobold (D:1)
  2 rats (D:1)
5 creatures vanquished.

Notes
Turn   | Place    | Note
-------+----------+-------------------------------------------
     0 | D:1      | Ashen the Gnoll Enchanter began the quest for the Orb.
     0 | D:1      | Reached XP level 1. HP: 13/13 MP: 6/6
    66 | D:1      | Slain by a jackal

Illustrated notes

Levels and vault maps discovered:
D:1:      saegor_arrival_fortress, layout_loops_ring, serial_shops, shop

Action                     || total
---------------------------++-------
  Melee: Dagger            ||    27
         Bite              ||     5
 Armour: Robe              ||    12
  Dodge: Dodged            ||    27
